 Dungeon Crawl Stone Soup version 0.19.1 (webtiles) character file.

105 Firecrotchwizard the Conjurer (level 4, 0/24 HPs)
             Began as a Deep Elf Conjurer on Dec 9, 2016.
             Succumbed to an adder's poison
             ... on level 2 of the Dungeon.
             The game lasted 00:04:56 (1560 turns).

Firecrotchwizard the Conjurer (Deep Elf Conjurer)   Turns: 1560, Time: 00:04:56

Health: 0/24       AC:  3    Str:  5    XL:     4   Next: 54%
Magic:  0/11       EV: 14    Int: 21    God:
Gold:   74         SH:  0    Dex: 15    Spells: 3 memorised, 3 levels left

rFire  . . .     SeeInvis .     j - -1 dagger (curse)
rCold  . . .     Gourm    .     a - +0 robe
rNeg   . . .     Faith    .     (no shield)
rPois  .         Spirit   .     (no helmet)
rElec  .         Reflect  .     h - +0 cloak
rCorr  .         Harm     .     (no gloves)
MR     .....                    (no boots)
Stlth  ++........               (no amulet)
                                (no ring)
                                (no ring)

@: lethally poisoned (0 -> -7)
A: no striking features
a: no special abilities


You were on level 2 of the Dungeon.
You were very hungry.

You visited 1 branch of the dungeon, and saw 2 of its levels.

You collected 74 gold pieces.

Inventory:

Hand Weapons
 j - a cursed -1 dagger (weapon)
 l - a cursed -3 mace
Missiles
 f - 22 poisoned needles
Armour
 a - a +0 robe (worn)
 h - a +0 cloak (worn)
Scrolls
 g - 3 scrolls of identify
Potions
 d - a potion of heal wounds
 i - a potion of degeneration {unknown}
Books
 b - a book of Conjurations

   Spells                             Type                      Level
   a - Magic Dart                     Conjuration                  1
   b - Searing Ray                    Conjuration                  2
   c - Dazzling Spray                 Conjuration/Hexes            3
   d - Fulminant Prism                Conjuration/Hexes            4
   e - Iskenderun's Mystic Blast      Conjuration                  4
   f - Iskenderun's Battlesphere      Conjuration/Charms           5
Comestibles
 c - 2 bread rations


   Skills:
 + Level 3.4 Dodging
 + Level 3.2 Stealth
 + Level 3.9 Spellcasting
 * Level 5.5 Conjurations


You had 3 spell levels left.
You knew the following spells:

 Your Spells              Type           Power        Failure   Level  Hunger
a - Magic Dart            Conj           ####         1%          1    None
b - Searing Ray           Conj           ####..       1%          2    #......
c - Iskenderun's Mystic   Conj           ####....     17%         4    ####...


Dungeon Overview and Level Annotations

Branches:
Dungeon (2/15)

Altars:


Message History

You feel sick. The adder closely misses you.
The adder bites you but does no damage.
You hit the adder but do no damage.
The adder is severely wounded.
The adder bites you.
* * * LOW HITPOINT WARNING * * *
You are lethally poisoned!
The adder poisons you!
You hit the adder but do no damage.
The adder is severely wounded.
The adder bites you.
* * * LOW HITPOINT WARNING * * *
Casting: Magic Dart
Confirm with . or Enter, or press ? or * to list all spells.
Aiming: Magic Dart
Press: ? - help, Shift-Dir - straight line, f/p - adder
Aim: an adder (severely wounded)
The magic dart hits the adder.
You kill the adder!
You die...

.........#....#######.#
##
.........'..........#.#
.........#............#
.....)...#........#.###
........)#....###.#.#
....#.#.##.....##.#.#
......#......#....#.#
...###########.####.#
...#............@...#
...#..).....##.######
...#.........#.#....#
#...........#.##.#
#.........###.##.####
#.#...#...# #..#....#
#.#####.######.####.#
#............#.####.#
#######.........(...#


There were no monsters in sight!

Vanquished Creatures
  Ijyb (D:2)
  Natasha (D:2)
  2 adders (D:2)
  An ooze (D:2)
  A worm (D:2)
  2 giant cockroaches
  5 goblins
  4 hobgoblins
  6 kobolds
  5 bats
  2 frilled lizards
  3 rats
33 creatures vanquished.

Notes
Turn   | Place    | Note
-------+----------+-------------------------------------------
     0 | D:1      | Firecrotchwizard the Deep Elf Conjurer began the quest for the Orb.
     0 | D:1      | Reached XP level 1. HP: 10/10 MP: 6/6
   335 | D:1      | Reached XP level 2. HP: 15/15 MP: 1/8
   398 | D:1      | Learned a level 2 spell: Searing Ray
   872 | D:2      | Noticed Natasha
   876 | D:2      | Killed Natasha
   876 | D:2      | Reached skill level 5 in Conjurations
   876 | D:2      | Reached XP level 3. HP: 19/19 MP: 4/9
  1398 | D:2      | Reached XP level 4. HP: 24/24 MP: 8/11
  1404 | D:2      | Learned a level 4 spell: Iskenderun's Mystic Blast
  1530 | D:2      | Noticed Ijyb
  1534 | D:2      | Killed Ijyb
  1559 | D:2      | HP: 1/24 [adder (5)]
  1560 | D:2      | Succumbed to an adder's poison

Skill      XL: |  1  2  3  4 |
---------------+-------------+-----
Conjurations   | 5 |  5.5
Dodging        | 3 |  3.4
Stealth        | 3 |  3.2
Spellcasting   | |  3.9

Action                   |  1- 3 |  4- 6 || total
-------------------------+-------+-------++-------
Melee: Dagger            |    15 |     7 ||    22
 Cast: Magic Dart        |    58 |    15 ||    73
       Iskenderun's Myst |       |     1 ||     1
  Use: Scroll            |     3 |     2 ||     5
  Eat: Chunk             |     1 |       ||     1
Armor: Robe              |     5 |     2 ||     7
Dodge: Dodged            |    12 |     5 ||    17
